 Dungeon Crawl Stone Soup version bcrawl-1.38.3 (webtiles) character file.

Game seed: 11057222491661329083

15566188 Galewind the Ninja (level 27, -8/192 HPs)
             Began as an Avariel Conjurer on June 13, 2023.
             Was the Champion of Vehumet.
             Killed by divine providence
             ... invoked by a greater mummy
              (10 damage)
             ... on level 24 of a ziggurat.
             The game lasted 02:59:45 (71462 turns).

Galewind the Ninja (Avariel Conjurer)              Turns: 71462, Time: 02:59:46

Health: -8/192     AC: 10    Str:  7      XL:     27
Magic:  34/62      EV: 31    Int: 43      God:    Vehumet [******]
Gold:   10834      SH:  0    Dex: 15 (16) Spells: 0/74 levels left

rFire    + + +     GDR:     31% l - staff of fire
rCold    + . .     SeeInvis +   (no shield)
rNeg     . . .     Gourm    .   C - +2 robe {RegenMP}
rPois    +         Faith    .   (no helmet)
rElec    +         Spirit   .   y - scarf of Xehar {clouds, rElec rC+ SInv}
rCorr    .         Reflect  .   M - +2 pair of gloves "Icwuam" {rF+ Dex+7}
MR       ++++.                  R - +2 pair of boots {run}
Stlth    +++++++++.             G - amulet of Pantheism {RegenMP rPois MP+9 Int+2 Dex-4}
HPRegen  1.42/turn              K - ring of the King {Wiz Str+3 Int+2}
MPRegen  1.32/turn              Y - ring of the Quahog {rElec MR++ Str-2 Int+4 SInv}

@: aura of abjuration, flying quickly and evasively, very slightly contaminated,
regenerating, hasted and slowed, studying 5 skills, deflect missiles, quick
A: fire resistance 1, MP-powered wands, able to fly, sturdy frame 1
}: 15/15 runes: decaying, barnacled, slimy, silver, golden, iron, obsidian, icy,
bone, abyssal, demonic, glowing, magical, fiery, dark
a: Stop Flying, Renounce Religion, Evoke Fog


You were on level 24 of a ziggurat.
You worshipped Vehumet.
Vehumet was exalted by your worship.
You were not hungry.

You visited 17 branches of the dungeon, and saw 56 of its levels.
You visited Pandemonium 1 time, and saw 15 of its levels.
You visited the Abyss 1 time.
You visited 1 ziggurat, and saw 24 of its levels.

You collected 15158 gold pieces.
You spent 4324 gold pieces at shops.

Inventory:

Hand Weapons
 o - a +9 quick blade of electrocution
 U - a +9 lajatang of slicing
Armour
 y - the scarf of Xehar (worn) {clouds, rElec rC+ SInv}
   (You acquired it on level 2 of the Swamp)

   It protects you from cold.
   It insulates you from electricity.
   It lets you see invisible.
 C - a +2 robe of magic recovery (worn)
 H - a +4 buckler
 M - the +2 pair of gloves "Icwuam" (worn) {rF+ Dex+7}
   (You bought it in a shop on level 1 of the Vaults)

   It affects your dexterity (+7).
   It protects you from fire.
 N - the +2 helmet "Yzecoll" {rElec Slay-5 Stlth+}
   (You bought it in a shop on level 1 of the Vaults)

   It affects your accuracy and damage with ranged weapons and melee attacks
   (-5).
   It insulates you from electricity.
   It makes you more stealthy.
 R - a +2 pair of boots of running (worn)
Magical Staves
 l - an uncursed staff of fire (weapon)
 J - an uncursed staff of power
Jewellery
 p - the ring of the Mage {MR+ Archmagi}
   (You took it off a vault warden on level 3 of the Vaults)

   [ring of protection from magic]

   It affects your resistance to hostile enchantments.
   It increases the power of your magical spells.
 G - the amulet of Pantheism (around neck) {RegenMP rPois MP+9 Int+2 Dex-4}
   (You took it off a balrug in Pandemonium)

   [amulet of magic regeneration]

   It increases your magic regeneration.
   It affects your intelligence (+2).
   It affects your dexterity (-4).
   It protects you from poison.
   It affects your magic capacity (+9).
 K - the ring of the King (left hand) {Wiz Str+3 Int+2}
   (You found it on level 3 of the Shoals)

   [ring of wizardry]

   It improves your spell success rate.
   It affects your strength (+3).
   It affects your intelligence (+2).
 Y - the ring of the Quahog (right hand) {rElec MR++ Str-2 Int+4 SInv}
   (You took it off Asmodeus on level 2 of Gehenna)

   [ring of see invisible]

   It affects your strength (-2).
   It affects your intelligence (+4).
   It insulates you from electricity.
   It affects your resistance to hostile enchantments.
   It lets you see invisible.
Wands
 i - a wand of scattershot (7)
 r - a wand of digging (18)
 E - a wand of iceblast (7)
 L - a wand of disintegration (38)
 Z - a wand of acid (15)
Scrolls
 b - 14 scrolls of enchant armour
 h - 6 scrolls of noise
 k - 25 scrolls of teleportation
 m - 12 scrolls of blinking
 q - 7 scrolls of amnesia
 s - 10 scrolls of fear
 u - 17 scrolls of fog
 w - 3 scrolls of brand weapon
 x - 25 scrolls of remove curse
 z - 7 scrolls of enchant weapon
 Q - 2 scrolls of summoning
 V - a scroll of silence
 X - 6 scrolls of magic mapping
Potions
 a - 2 potions of resistance
 d - 5 potions of haste
 f - a potion of heal wounds
 j - 19 potions of curing
 n - 8 potions of berserk rage
 t - 4 potions of brilliance
 v - 6 potions of might
 A - 15 potions of lignification
 F - 4 potions of invisibility
 I - 12 potions of flight
 O - 11 potions of cancellation
 S - 6 potions of mutation
 T - 5 potions of agility
Miscellaneous
 P - a figurine of a ziggurat {!*}
 W - 12 phantom mirrors
Comestibles
 e - 34 rations {!d}


   Skills:
 + Level 24.7 Fighting
 - Level 8.0 Short Blades
   Level 9.9(13.0) Polearms
 - Level 14.8(16.0) Staves
 - Level 5.0 Armour
 - Level 20.0 Dodging
 O Level 27 Stealth
 - Level 10.0 Shields
 - Level 24.0 Spellcasting
 - Level 23.0 Conjurations
 - Level 8.0 Charms
 - Level 8.0 Summonings
 - Level 6.0 Necromancy
 - Level 13.0 Translocations
   Level 2.2 Transmutations
 - Level 22.3 Fire Magic
 - Level 20.5 Ice Magic
 - Level 8.0 Air Magic
 - Level 19.0 Earth Magic


You couldn't memorise any spells.
You knew the following spells:

 Your Spells              Type           Power        Failure   Level  Hunger
a - Deflect Missiles      Chrm/Air       #######...   1%          6    None
b - Fire Storm            Conj/Fire      #########.   1%          9    None
c - Controlled Blink      Tloc           ########     1%          7    None
d - Regeneration          Chrm/Necr      #######...   1%          3    None
e - Fireball              Conj/Fire      #########.   0%          5    None
f - Bolt of Fire          Conj/Fire      #########.   0%          6    None
g - Lehudib's Crystal Sp  Conj/Erth      ########..   1%          8    None
h - Ignition              Fire           #########.   1%          8    None
i - Icicle Burst          Conj/Ice       ########..   1%          7    None
j - Aura of Abjuration    Summ           #######...   1%          6    None
k - Shatter               Erth           ########..   1%          9    ###....

Your spell library contained the following spells:

 Spells                   Type           Power        Failure   Level  Hunger
 Chain Lightning          Conj/Air       ########..   1%          8    None
 Apportation              Tloc           ######       0%          1    None
 Blink Other              Tloc           ######       0%          1    None
 Flame Tongue             Conj/Fire      #####        0%          1    None
 Freeze                   Ice            ######       0%          1    None
 Infusion                 Chrm           #######.     0%          1    None
 Magic Dart               Conj           ####         0%          1    None
 Sandblast                Erth           ######       0%          1    None
 Static Discharge         Air            ######       0%          1    None
 Sting                    Conj/Pois      ####         0%          1    None
 Summon Butterflies       Summ           #######.     0%          1    None
 Summon Small Mammal      Summ           ####         0%          1    None
 Blink                    Tloc           N/A          0%          2    None
 Call Imp                 Summ           ######       0%          2    None
 Ensorcelled Hibernation  Hex/Ice        ######       0%          2    None
 Flaming Arrows           Chrm/Fire      ########     0%          2    None
 Passwall                 Tmut/Erth      #######.     0%          2    None
 Searing Ray              Conj           ########     0%          2    None
 Shock                    Conj/Air       #######      0%          2    None
 Song of Slaying          Chrm           #######.     0%          2    None
 Swiftness                Chrm/Air       #######.     0%          2    None
 Throw Frost              Conj/Ice       ######       0%          2    None
 Beckoning                Tloc           ########..   0%          3    None
 Conjure Flame            Conj/Fire      ########     0%          3    None
 Dazzling Orbs            Conj/Hex       #######      0%          3    None
 Inner Flame              Hex/Fire       N/A          0%          3    None
 Iskenderun's Mystic Bla  Conj           ########     0%          3    None
 Mephitic Cloud           Conj/Pois/Air  #######.     0%          3    None
 Ozocubu's Armour         Chrm/Ice       ########     0%          3    None
 Portal Projectile        Tloc           ######       0%          3    None
 Recall                   Summ/Tloc      N/A          0%          3    None
 Stone Arrow              Conj/Erth      ######       0%          3    None
 Teleport Other           Tloc           ########     0%          3    None
 Force Lance              Tloc           ########     0%          4    None
 Fulminant Prism          Conj/Hex       ########..   0%          4    None
 Lightning Bolt           Conj/Air       ########     0%          4    None
 Sticky Flame             Conj/Fire      ########     0%          4    None
 Summon Ice Beast         Ice/Summ       ########     0%          4    None
 Throw Icicle             Conj/Ice       ########     0%          4    None
 Bolt of Draining         Conj/Necr      ########..   0%          5    None
 Bolt of Magma            Conj/Fire/Erth #########.   0%          5    None
 Freezing Cloud           Ice/Air        ########     0%          5    None
 Iskenderun's Battlesphe  Conj/Chrm      ########     0%          5    None
 Lee's Rapid Deconstruct  Erth           ########..   0%          5    None
 Steam Barrier            Chrm/Fire      ########..   0%          5    None
 Bolt of Cold             Conj/Ice       ########..   0%          6    None
 Iron Shot                Conj/Erth      ########..   0%          6    None
 Ozocubu's Refrigeration  Ice            ########..   0%          6    None
 Orb of Destruction       Conj           ########..   0%          7    None
 Beastly Appendage        Tmut           ######       1%          1    None
 Corona                   Hex            ######.      1%          1    None
 Necrotize                Necr           ######       1%          1    None
 Slow                     Hex            ######..     1%          1    None
 Corpse Rot               Necr           N/A          1%          2    None
 Poisonous Vapours        Pois/Air       ######       1%          2    None
 Shackle                  Hex            ######..     1%          2    None
 Sticks to Snakes         Tmut           ######..     1%          2    None
 Sublimation of Blood     Necr           #######...   1%          2    None
 Call Canine Familiar     Summ           #######.     1%          3    None
 Confuse                  Hex            ######..     1%          3    None
 Ignite Poison            Fire/Tmut/Pois ########     1%          3    None
 Spectral Weapon          Hex/Chrm       ######..     1%          3    None
 Spider Form              Tmut/Pois      ###          1%          3    None
 Tukima's Dance           Hex            ######..     1%          3    None
 Vampiric Draining        Necr           #######...   1%          3    None
 Agony                    Necr           #######.     1%          4    None
 Airstrike                Air            #######...   1%          4    None
 Animate Dead             Necr           N/A          1%          4    None
 Cause Fear               Hex            ######....   1%          4    None
 Ice Form                 Ice/Tmut       #######.     1%          4    None
 Olgreb's Toxic Radiance  Pois           ######...    1%          4    None
 Petrify                  Tmut/Erth      #######...   1%          4    None
 Summon Scorpions         Summ/Pois      ######..     1%          4    None
 Tree Form                Hex/Tmut       N/A          1%          4    None
 Yara's Violent Unravell  Hex/Tmut       ######....   1%          4    None
 Blade Hands              Tmut           ######....   1%          5    None
 Dispel Undead            Necr           #######.     1%          5    None
 Irradiate                Conj/Tmut      ########..   1%          5    None
 Metabolic Englaciation   Hex/Ice        #######...   1%          5    None
 Passage of Golubria      Tloc           N/A          1%          5    None
 Piercing Shot            Chrm           #######...   1%          5    None
 Silence                  Hex/Air        ######....   1%          5    None
 Summon Demon             Summ           #######...   1%          5    None
 Summon Forest            Summ/Tloc      #######...   1%          5    None
 Summon Lightning Spire   Summ/Air       #######.     1%          5    None
 Summon Mana Viper        Hex/Summ       ######..     1%          5    None
 Venom Bolt               Conj/Pois      ########..   1%          5    None
 Borgnjor's Vile Clutch   Necr/Erth      ########..   1%          6    None
 Conjure Ball Lightning   Conj/Air       ########..   1%          6    None
 Death Channel            Chrm/Necr      #######...   1%          6    None
 Dispersal                Tloc           ########..   1%          6    None
 Poison Arrow             Conj/Pois      ########..   1%          6    None
 Simulacrum               Ice/Necr       ########     1%          6    None
 Statue Form              Tmut/Erth      #######..    1%          6    None
 Summon Hydra             Summ           #######...   1%          6    None
 Malign Gateway           Summ/Tloc      #######...   1%          7    None
 Spellforged Servitor     Conj/Summ      ########..   1%          7    None
 Glaciate                 Conj/Ice/Air   ########..   1%          8    None
 Tornado                  Tloc/Air       #######...   3%          8    None
 Monstrous Menagerie      Summ           #######...   4%          7    None
 Shadow Creatures         Summ           N/A          4%          7    None
 Summon Greater Demon     Summ           #######...   4%          7    None
 Haunt                    Necr/Summ      #######...   6%          7    None
 Time Stop                Chrm/Tloc      N/A          12%         8    None
 Darkness                 Hex            ######....   21%         6    None
 Invisibility             Hex            ######..     21%         6    None
 Virulence                Hex/Pois       ######..     21%         6    None
 Summon Horrible Things   Summ           #######...   32%         8    None
 Borgnjor's Revivificati  Necr           #######...   56%         8    None
 Necromutation            Tmut/Necr      ######..     82%         8    None


Dungeon Overview and Level Annotations

Branches:
Dungeon (12/12)            Temple (1/1) D:6            Lair (6/6) D:8
  Swamp (3/3) Lair:4       Shoals (3/3) Lair:3        Slime (5/5) Lair:6
    Orc (1/1) D:10            Elf (3/3) Orc          Vaults (3/3) D:11
  Crypt (2/2) Vaults:1       Tomb (3/3) Crypt:2      Depths (5/5) D:12
   Hell (1/1)                 Dis (2/2) Hell            Geh (2/2) Hell
    Coc (2/2) Hell            Tar (2/2) Hell
    Zot: Depths:5

Altars:
Ashenzari
Cheibriados
Dithmenos
Elyvilon
Fedhas
Gozag
Hepliaklqana
Kikubaaqudgha
Lugonu
Makhleb
Nemelex Xobeh
Okawaru
Qazlal
Ru
Sif Muna
Trog
Uskayaw
Vehumet
Wu Jian
Xom
Yredelemnul
Zin
The Shining One
Jiyva

Shops:
D:4 %   D:6 ?   Orc :=%!   Elf:1 **(:   Elf:3 [[   Shoals:1 (   Vaults:1 [
Vaults:2 %   Vaults:3 =[   Depths:1 }==   Depths:5 *

Portals:
Hell: Depths:1 Depths:2 Depths:3 Depths:4
Abyss: Lair:1 Depths:1 Depths:2 Depths:4
Pandemonium: Depths:3
Bazaar: Depths:4

Annotations:
D:12 3 runed translucent doors, Darthill6464's ghost, journeyman EnAc
Lair:6 1 runed door


Innate Abilities, Weirdness & Mutations

You can fly continuously.
Your flesh is heat resistant. (rF+)
You expend magic power (3 MP) to strengthen your wands.
Your movements are slightly less encumbered by armour. (ER -2)


Message History

You have encountered a dangerous foe!
The chaos spawn degenerates into a cloud of primal chaos!
The sixfirhy disappears in a puff of smoke!
The greater mummy gestures wildly while chanting.
The mummy priest calls on the powers of darkness!
The bennu convulses!
Your body is wracked with pain!
* * * LOW HITPOINT WARNING * * *
A storm dragon zombie comes into view.
A bennu comes into view.
The greater mummy gestures wildly while chanting.
The golden dragon skeleton moves out of view.
You feel yourself speed up.
The blizzard demon disappears in a puff of smoke!
The death scarab disappears in a puff of smoke! x3
A mummy priest comes into view. x2
The greater mummy points at you and mumbles some strange words.
Something smites you!
* * * LOW HITPOINT WARNING * * *
The greater mummy gestures at you while chanting.
Something smites you!
You die...

.Z.........▓▓
M.M........∩§.▓
MZM.....§.MZ.▓▓
MM..M...§....▓
...Mb§...§...▓
.M..Z○.......▓
.............▓
............▓▓
.#...@....▓
...........▓▓
.#.#......▓▓
.......▓▓
........▓▓
.......▓▓
......▓ ....▓▓


You could see 2 greater mummies, a bennu, 4 mummy priests, 4 guardian mummies, 2
storm dragon zombies and a juggernaut zombie.

Vanquished Creatures
  Asmodeus (Geh:2)
  Dispater (Dis:2)
  Antaeus (Coc:2)
  the Royal Jelly (Slime:5)
  Gloorx Vloq (Pan)
  Ereshkigal (Tar:2)
  Ignacio (Pan)
  Mnoleg (Pan)
  Lom Lobon (Pan)
  8 juggernauts
  Mennas (Depths:4)
  The ghost of Heot Zafel the Impregnable, a veteran MiGl of Hepliaklqana (Crypt:2)
  4 Killer Klowns
  42 greater mummies
  12 shard shrikes
  9 golden dragons
  Bai Suzhen (Depths:1)
  Geryon (Hell)
  4 caustic shrikes
  Margery (Crypt:2)
  Nikola (Depths:1)
  Jory (Depths:4)
  5 rockslimes
  7 bone dragons
  3 pearl dragons (Zig:14)
  6 doom hounds (Tar:2)
  12 Brimstone Fiends
  20 Shadow Fiends
  2 hellephants
  Frances (Shoals:3)
  5 pandemonium lords
  10 iron giants
  13 tentacled monstrosities
  15 Hell Sentinels
  17 Ice Fiends
  12 liches
  7 titans
  11 deep elf blademasters
  Murray (Hell)
  11 deep elf master archers
  17 ancient champions
  23 acid blobs
  8 thorn hunters
  13 Executioners
  5 storm dragons
  3 eldritch tentacles
  18 sphinxes
  3 tentacled starspawn (Abyss:2)
  Kirke (Shoals:2)
  8 nagarajas
  12 shadow dragons
  14 daevas
  Donald (Vaults:1)
  38 ghouls
  5 tengu reavers
  Ilsuiw (Shoals:2)
  2 draconian monks (Zig:17)
  5 revenants
  22 war gargoyles
  5 frost giants
  5 apis
  22 azure jellies
  14 iron golems
  5 draconian knights
  8 cacodemons
  16 vault wardens
  18 iron dragons
  6 deep elf sorcerers
  19 balrugs
  A caustic shrike zombie (Zig:24)
  An emperor scorpion (Zig:22)
  3 ghost moths
  12 angels
  3 orc warlords
  4 warmongers (Pan)
  16 fire giants
  Aizul (Swamp:3)
  20 stone giants
  4 draconian stormcallers (Zig:17)
  16 ironheart preservers
  5 draconian shifters (Zig:17)
  An eye of devastation (shapeshifter) (Zig:8)
  2 draconian scorchers (Zig:17)
  4 curse skulls
  2 elemental wellsprings (Coc:2)
  5 deep elf elementalists
  67 reapers
  7 draconian annihilators
  An eye of devastation (Depths:3)
  A spriggan defender (Depths:5)
  7 ophanim
  8 vampire knights
  A blood saint (Pan)
  A black draconian (Zig:17)
  12 bennus
  12 very ugly things
  3 jiangshi (Crypt:2)
  3 corrupters
  16 deep elf demonologists
  5 dire elephants (Vaults:2)
  2 black suns
  4 green draconians
  9 lorocyprocas
  10 deep elf annihilators
  A purple draconian (Zig:2)
  2 entropy weavers
  A minotaur (Crypt:2)
  3 white draconians
  4 spark wasps
  2 eidola (Tar:2)
  A red draconian (Zig:17)
  14 deep elf death magi
  18 green deaths
  3 yellow draconians
  14 ettins
  23 mummy priests
  A quicksilver dragon zombie (Crypt:2)
  3 mutant beasts (D:11)
  10 merfolk javelineers
  13 blizzard demons
  3 crystal guardians
  9 merfolk impalers
  Urug (D:12)
  10 fire dragons
  4 kraken zombies
  13 yaktaur captains
  Fannar (Lair:3)
  15 ice dragons
  17 deep elf high priests
  29 hydras
  4 quicksilver dragon skeletons
  3 naga warriors
  2 monstrous demonspawn (Pan)
  30 vault guards
  4 hell beasts
  4 spriggan air magi
  3 anacondas
  2 two-headed ogres (shapeshifter)
  A juggernaut simulacrum (Depths:1)
  5 two-headed ogres
  5 rakshasas
  6 shambling mangroves
  2 spectral fire giants
  5 death knights
  6 tengu warriors
  33 shadow wraiths
  A ghost crab (Zig:20)
  5 ogre magi
  10 merfolk aquamancers
  4 alligator snapping turtles
  15 hell hogs (Geh:2)
  5 deep troll shamans
  31 dancing weapons
  13 great orbs of eyes
  3 sea snakes
  Sonja (Lair:3)
  2 spectral frost giants
  4 death oozes
  14 deep troll earth magi
  34 death scarabs
  20 alligators
  10 vampire magi
  2 spectral stone giants (Tar:2)
  A spectral dire elephant (Coc:2)
  2 titan zombies
  2 thrashing horrors
  A spectral storm dragon (Coc:2)
  5 shock serpents
  2 ironheart beastmasters (Vaults:2)
  2 orc high priests
  4 spriggan berserkers
  3 naga sharpshooters
  33 deep elf knights
  A shock serpent (shapeshifter) (Zig:11)
  8 spriggans
  37 soul eaters
  35 deep trolls
  63 skeletal warriors
  3 goliath frogs
  38 sun demons
  5 sixfirhies
  14 centaur warriors
  28 hell knights
  14 iron trolls
  3 titan skeletons
  11 death drakes
  A ghost moth zombie (Tar:2)
  2 gelid demonspawn (Pan)
  5 wretched stars
  An obsidian statue (Zig:17)
  4 spriggan druids
  9 anaconda zombies
  3 cherubim (Zig:14)
  13 wizards
  3 spectral anacondas
  A quicksilver dragon simulacrum (Coc:1)
  2 golden dragon skeletons
  A torturous demonspawn (Pan)
  15 starcursed masses
  3 glowing orange brains
  2 storm dragon skeletons
  4 unseen horrors
  13 shadow demons
  11 flayed ghosts
  3 golden dragon zombies
  35 deep elf archers
  3 infernal demonspawn (Pan)
  A spectral hydra (Coc:1)
  An unseen horror (shapeshifter) (Vaults:2)
  An iron giant skeleton (Crypt:2)
  A tengu zombie (Depths:1)
  18 swamp dragons
  An orange crystal statue (Zig:17)
  14 large abominations
  17 phantasmal warriors
  3 wolf spider zombies
  A spectral wolf spider (Coc:1)
  21 necromancers
  13 ironheart convokers
  An anaconda skeleton (Dis:2)
  6 cyclopes
  2 lindwurms
  4 harpies (Shoals:2)
  A wolf spider (shapeshifter) (Vaults:3)
  A wolf spider (D:11)
  A spectral ettin (Coc:2)
  5 orc knights
  4 mana vipers
  24 ugly things
  97 deep elf magi
  4 shining eyes
  2 spectral fire dragons
  7 fauns
  3 fire giant zombies
  2 shadow dragon skeletons (Zig:18)
  3 moths of wrath
  2 stone giant zombies
  3 apocalypse crabs
  A tengu skeleton (D:12)
  A worldbinder (Abyss:2)
  8 manticores
  4 orc sorcerers (Zig:12)
  A frost giant skeleton (Tomb:1)
  A black mamba (shapeshifter) (Depths:2)
  2 iron dragon skeletons
  5 stone giant skeletons
  A shock serpent zombie (Crypt:1)
  7 guardian serpents
  A moth of wrath (shapeshifter) (Depths:3)
  A salamander (Zig:22)
  2 ice statues (Zig:17)
  7 naga magi
  12 black mambas
  14 will-o'-wisps
  3 fire giant skeletons
  17 smoke demons
  22 rust devils
  7 torpor snails
  8 water nymphs
  5 merfolk sirens
  20 cane toads
  10 molten gargoyles
  15 vault sentinels
  31 hellions
  A shock serpent skeleton (Crypt:2)
  3 gargoyles (Zig:15)
  14 orange demons
  3 dire elephant skeletons
  A jumping spider (Vaults:1)
  2 kobold demonologists
  2 rime drakes (Lair:6)
  6 demonic crawlers
  A rime drake (shapeshifter) (Depths:5)
  16 efreet
  An eye of draining (shapeshifter) (Vaults:3)
  23 freezing wraiths
  5 komodo dragons
  A komodo dragon (shapeshifter) (Depths:2)
  A yaktaur (shapeshifter) (Depths:2)
  2 tengu conjurers (Depths:1)
  21 tormentors
  41 yaktaurs
  4 eyes of draining
  2 catoblepas skeletons
  A purple draconian skeleton (Crypt:1)
  15 hellwings
  2 yaktaur skeletons
  2 anaconda simulacra (Coc:2)
  83 flying skulls
  14 ice devils
  43 guardian mummies
  6 hydra zombies
  A queen ant zombie (Crypt:2)
  7 ancient zymes
  4 meliai (Abyss:5)
  21 red devils
  A silent spectre (Tar:2)
  A tengu simulacrum (Zig:11)
  A spectral harpy (Tar:2)
  A harpy zombie (Dis:2)
  2 harpy skeletons
  37 hornets
  10 merfolk
  9 trolls
  2 polar bears
  A queen bee (D:8)
  A merfolk (shapeshifter) (Vaults:3)
  A raiju (shapeshifter) (Depths:4)
  A meliai (shapeshifter) (Zig:21)
  5 alligator zombies
  2 ice dragon zombies
  15 tyrant leeches
  106 slime creatures
  7 wind drakes
  23 bog bodies
  5 hydra skeletons
  2 meliai zombies
  5 raiju (Abyss:1)
  A dream sheep (Lair:5)
  A blink frog (shapeshifter) (Depths:2)
  A shadow dragon simulacrum (Coc:2)
  4 ettin zombies
  3 stone giant simulacra
  2 deep troll zombies
  20 blink frogs
  2 iron dragon simulacra (Coc:2)
  15 hippogriffs
  A fire dragon zombie (Tomb:3)
  2 frost giant simulacra
  A spriggan skeleton (Depths:1)
  13 ynoxinuls
  11 shadows
  6 snapping turtles
  2 black mamba zombies
  A goliath frog skeleton (Crypt:2)
  A tarantella (Zig:22)
  4 alligator skeletons
  11 air elementals
  2 ettin skeletons (Geh:2)
  4 fire bats (Pan)
  A fire bat (shapeshifter) (Depths:2)
  4 vampires
  An ice dragon skeleton (Geh:2)
  24 water elementals
  3 black mamba skeletons
  3 hogs (Shoals:2)
  3 wyverns
  65 yaks
  29 ushabtiu
  11 wraiths
  2 basilisks (shapeshifter)
  A golden eye (shapeshifter) (Elf:2)
  3 basilisks
  7 golden eyes
  3 chaos spawn
  2 hungry ghosts (Tar:2)
  4 steam dragons
  2 humans (shapeshifter)
  5 redbacks
  A spriggan simulacrum (Depths:1)
  10 neqoxecs
  12 fire elementals
  11 swamp worms
  14 vampire mosquitoes
  A gelid demonspawn zombie (Crypt:1)
  6 wargs
  A naga (Zig:9)
  8 cane toad zombies
  A harpy simulacrum (Coc:1)
  19 crocodiles
  2 acid dragons (Lair:6)
  7 water moccasins
  A floating eye (shapeshifter) (Zig:11)
  15 hell hounds
  9 porcupines
  38 orc warriors
  A floating eye (Zig:21)
  3 snapping turtle zombies
  10 ice beasts
  17 swamp drakes
  9 phantoms
  A soldier ant (D:12)
  A black bear (D:7)
  3 sky beasts
  3 fire dragon simulacra
  9 boggarts
  17 necrophages
  3 ice dragon simulacra
  20 ogres
  A snapping turtle skeleton (Tomb:3)
  A manticore skeleton (Geh:2)
  5 wolves (Lair:1)
  11 bullfrogs
  4 kobold brigands (D:12)
  6 earth elementals
  7 small abominations
  A cane toad simulacrum (Coc:2)
  15 centaurs
  3 scorpions
  A spriggan zombie (Dis:2)
  A snapping turtle simulacrum (Coc:1)
  A scorpion (shapeshifter) (Vaults:2)
  26 killer bees
  A manticore simulacrum (Crypt:2)
  10 wights
  2 howler monkeys
  11 orc priests
  3 electric eels
  12 crimson imps
  A bullfrog zombie (D:6)
  2 human zombies
  An elf simulacrum (Tomb:3)
  7 hounds
  2 jellies
  2 human skeletons
  22 iron imps
  9 orc wizards
  3 bullfrog skeletons
  Jessica (D:2)
  7 iguanas
  6 hell rats (Lair:5)
  11 worker ants
  A felid zombie (Crypt:1)
  A hound zombie (D:5)
  3 hound skeletons
  50 mummies
  3 worker ant zombies
  12 gnolls
  8 adders
  7 shadow imps
  7 white imps
  3 oozes (D:2)
  An adder skeleton (D:7)
  A lava snake skeleton (Crypt:2)
  6 worms
  2 dart slugs (D:3)
  6 leopard geckos
  45 orcs
  5 bats (D:2)
  2 giant cockroaches (D:1)
  11 hobgoblins
  14 jackals
  2 quokkas
  2 ball pythons (D:2)
  A ball python skeleton (Crypt:1)
  3 frilled lizards
  4 goblins
  A hobgoblin zombie (Crypt:1)
  A jackal skeleton (D:4)
  17 kobolds
  An orc zombie (Dis:2)
  4 rats
  A ball lightning (Pan)
  2 briar patches (Zig:16)
  59 fire vortices
  8 fungi
  2 lurking horrors (Lair:1)
  10 plants
  2 starspawn tentacles (Abyss:2)
  2 tentacles (Hell)
  3 withered plants (D:12)
3892 creatures vanquished.

Vanquished Creatures (collateral kills)
  4 greater mummies
  An apis (Zig:14)
  A caustic shrike zombie (Zig:24)
  An ironheart preserver (Vaults:2)
  A mummy priest (Tomb:1)
  A deep elf high priest (Zig:19)
  A two-headed ogre (Vaults:2)
  A death scarab (Tomb:3)
  2 skeletal warriors (Crypt:2)
  A storm dragon zombie (Zig:18)
  A death drake (Zig:20)
  A gelid demonspawn (Pan)
  A shadow dragon zombie (Zig:24)
  An ugly thing (Vaults:3)
  A harpy skeleton (Crypt:2)
  2 ushabtiu
  A wyvern (shapeshifter) (Zig:21)
  7 mummies
29 creatures vanquished.

Vanquished Creatures (others)
  An eldritch tentacle (Tar:2)
  A merfolk aquamancer (Shoals:3)
  A dancing weapon (Zig:21)
  A death scarab (Tomb:3)
  A death drake (Zig:20)
  2 swamp dragons (Swamp:3)
  2 lindwurms (Swamp:3)
  2 hellions (Geh:2)
  A freezing wraith (Vaults:3)
  A hydra skeleton (Tomb:3)
  A water elemental (Shoals:3)
  A fire elemental (Zig:21)
  2 steam dragons (Swamp:3)
  2 humans (Shoals:2)
  4 swamp drakes (Swamp:3)
  An iron imp (Dis:2)
  3 mummies (Tomb:2)
  4 ball lightnings (Pan)
  437 fire vortices
  10 fungi
  A lurking horror (Abyss:5)
  32 plants
  2 starspawn tentacles (Abyss:2)
  10 tentacles
523 creatures vanquished.

Grand Total: 4444 creatures vanquished

Notes
Turn   | Place    | Note
-------+----------+-------------------------------------------
     0 | D:1      | Galewind the Avariel Conjurer began the quest for the Orb.
     0 | D:1      | Reached XP level 1. HP: 10/10 MP: 6/6
   257 | D:1      | Reached XP level 2. HP: 15/15 MP: 5/7
   321 | D:1      | Learned a level 2 spell: Searing Ray
   940 | D:1      | Reached XP level 3. HP: 15/19 MP: 3/9
   944 | D:1      | Learned a level 3 spell: Iskenderun's Mystic Blast
  1705 | D:2      | Reached XP level 4. HP: 24/24 MP: 6/11
  1878 | D:2      | Noticed Jessica
  1880 | D:2      | Killed Jessica
  2078 | D:2      | Reached XP level 5. HP: 23/28 MP: 6/13
  2521 | D:3      | Noticed a phantom
  2577 | D:3      | Killed a phantom
  2578 | D:3      | Reached skill level 5 in Spellcasting
  2578 | D:3      | Reached XP level 6. HP: 32/32 MP: 4/15
  2829 | D:3      | Found a shimmering altar of Xom.
  2832 | D:3      | Found a burning altar of Makhleb.
  2832 | D:3      | Found a snail-covered altar of Cheibriados.
  2834 | D:3      | Found a shattered altar of Ashenzari.
  2834 | D:3      | Found a sacrificial altar of Ru.
  2834 | D:3      | Found a sacrificial altar of Ru.
  3306 | D:4      | Reached XP level 7. HP: 37/37 MP: 10/18
  3884 | D:4      | Found Gamont's Food Shoppe.
  3909 | D:4      | Reached XP level 8. HP: 23/42 MP: 10/21
  4102 | D:5      | Entered Level 5 of the Dungeon
  4160 | D:5      | Learned a level 4 spell: Sticky Flame
  4171 | D:5      | Learned a level 5 spell: Fireball
  4174 | D:5      | Reached skill level 10 in Conjurations
  4582 | D:5      | Found a glowing silver altar of Zin.
  4586 | D:5      | Found a hide-covered altar of Uskayaw.
  4596 | D:5      | Got a scorched hunting sling
  4913 | D:6      | Found Goowkag's Magic Scroll Shoppe.
  4916 | D:6      | Bought a scroll of fear for 65 gold pieces
  4916 | D:6      | Bought a scroll of teleportation for 39 gold pieces
  4916 | D:6      | Bought a scroll of blinking for 97 gold pieces
  4916 | D:6      | Bought a scroll of remove curse for 39 gold pieces
  4916 | D:6      | Identified the +6 hunting sling of the Swamp {venom, Str+4}
                  | (You found it on level 5 of the Dungeon)
  4949 | D:6      | Gained mutation: You can fly continuously. [Avariel growth]
  4949 | D:6      | Reached XP level 9. HP: 46/46 MP: 9/24
  4950 | D:6      | Reached skill level 10 in Spellcasting
  5020 | D:6      | Found a radiant altar of Vehumet.
  5045 | D:6      | Became a worshipper of Vehumet
  5065 | D:6      | Reached skill level 1 in Fighting
  5397 | D:6      | Reached skill level 5 in Dodging
  5661 | D:6      | Found a staircase to the Ecumenical Temple.
  6000 | Temple   | Entered the Ecumenical Temple
  6609 | D:7      | Noticed a troll
  6612 | D:7      | Killed a troll
  7139 | D:7      | Noticed a troll
  7196 | D:7      | Reached * piety under Vehumet
  7196 | D:7      | Offered knowledge of Freeze by Vehumet.
  7197 | D:7      | Reached XP level 10. HP: 53/57 MP: 5/26
  8222 | D:8      | Reached skill level 5 in Fighting
  8273 | D:8      | Offered knowledge of Throw Frost by Vehumet.
  8278 | D:8      | Reached skill level 1 in Fire Magic
  8283 | D:8      | Reached ** piety under Vehumet
  8284 | D:8      | Reached skill level 10 in Dodging
  8323 | D:8      | Found a staircase to the Lair.
  8479 | D:8      | Reached XP level 11. HP: 66/66 MP: 20/27
  8992 | Lair:1   | Entered Level 1 of the Lair of Beasts
  8994 | Lair:1   | Offered knowledge of Stone Arrow by Vehumet.
  9169 | Lair:1   | Reached skill level 5 in Fire Magic
  9241 | Lair:1   | Found a corrupted altar of Lugonu.
  9243 | Lair:1   | Found a one-way gate to the infinite horrors of the Abyss.
  9462 | Lair:1   | Reached *** piety under Vehumet
 10635 | Lair:2   | Offered knowledge of Throw Icicle by Vehumet.
 10890 | Lair:3   | Noticed Sonja
 10891 | Lair:3   | Reached skill level 10 in Fire Magic
 10897 | Lair:3   | Killed Sonja
 10898 | Lair:3   | Reached XP level 12. HP: 72/73 MP: 16/28
 10909 | Lair:3   | Noticed a six-headed hydra
 10916 | Lair:3   | Killed a six-headed hydra
 11222 | Lair:3   | Found a staircase to the Shoals.
 11338 | Lair:3   | Reached **** piety under Vehumet
 11589 | Lair:3   | Noticed Fannar
 11591 | Lair:3   | Killed Fannar
 12120 | Lair:3   | Identified 3 scrolls of acquirement
 12131 | Lair:3   | Identified the amulet "Kamywoil" {Spirit rF- rC+ Str+5}
                  | (You acquired it on level 3 of the Lair of Beasts)
 12140 | Lair:3   | Identified the +8 demon blade "Lulu" {venom, Stlth+} (You
                  | acquired it on level 3 of the Lair of Beasts)
 12140 | Lair:3   | Identified the ring of the Echidna {Str+3 Dex+5 SInv} (You
                  | acquired it on level 3 of the Lair of Beasts)
 12140 | Lair:3   | Identified the Reference Book on Transmigration and Attacks
                  | (You acquired it on level 3 of the Lair of Beasts)
 12149 | Lair:3   | Learned a level 6 spell: Bolt of Fire
 12268 | Lair:4   | Reached skill level 1 in Staves
 12366 | Lair:4   | Noticed an anaconda
 12374 | Lair:4   | Killed an anaconda
 12381 | Lair:4   | Noticed a four-headed hydra
 12384 | Lair:4   | Killed a four-headed hydra
 12384 | Lair:4   | Offered knowledge of Bolt of Magma by Vehumet.
 12385 | Lair:4   | Reached skill level 5 in Staves
 12721 | Lair:4   | Noticed an eight-headed hydra
 12737 | Lair:4   | Killed an eight-headed hydra
 12738 | Lair:4   | Reached XP level 13. HP: 73/78 MP: 29/29
 13704 | Lair:4   | Found a staircase to the Swamp.
 14225 | Lair:5   | Reached ***** piety under Vehumet
 14286 | Lair:5   | Offered knowledge of Orb of Destruction by Vehumet.
 14295 | Lair:5   | Learned a level 7 spell: Orb of Destruction
 14968 | Lair:6   | Entered Level 6 of the Lair of Beasts
 15436 | Lair:6   | Found a staircase to the Slime Pits.
 15446 | Lair:6   | Found a viscous altar of Jiyva.
 15592 | Lair:6   | Noticed a fire dragon
 15596 | Lair:6   | Killed a fire dragon
 15718 | Lair:6   | Reached XP level 14. HP: 84/84 MP: 33/33
 16162 | Lair:6   | Found a runed door.
 16240 | Lair:6   | Offered knowledge of Iskenderun's Battlesphere by Vehumet.
 16241 | Lair:6   | Reached skill level 15 in Conjurations
 16597 | Lair:6   | Identified the ring of Myneah {Str+4 SInv} (You acquired it
                  | on level 6 of the Lair of Beasts)
 16608 | Lair:6   | Learned a level 8 spell: Ignition
 16877 | D:9      | Found a transporter.
 17043 | D:9      | Found a stormy altar of Qazlal.
 17469 | D:9      | Found a roughly hewn altar of Beogh.
 17469 | D:9      | Found a transporter.
 17925 | D:10     | Entered Level 10 of the Dungeon
 18014 | D:10     | Got an ancient dagger
 18017 | D:10     | Identified the +4 dagger of Drought {elec, +Blink rN+ MR-
                  | SInv} (You found it on level 10 of the Dungeon)
 18485 | D:10     | Found a staircase to the Orcish Mines.
 18905 | Orc      | Entered the Orcish Mines
 19036 | Orc      | Reached skill level 15 in Spellcasting
 19267 | Orc      | Found Riroist's Distillery.
 19268 | Orc      | Found Pait's Jewellery Shoppe.
 19268 | Orc      | Found Zaty's Food Boutique.
 19273 | Orc      | Found Maysim's Book Emporium.
 19284 | Orc      | Bought a potion of flight for 48 gold pieces
 19284 | Orc      | Bought a potion of invisibility for 96 gold pieces
 19284 | Orc      | Bought a potion of resistance for 120 gold pieces
 19284 | Orc      | Bought a potion of lignification for 36 gold pieces
 19284 | Orc      | Bought 2 potions of haste for 240 gold pieces
 19289 | Orc      | Bought a book of the Warp for 1350 gold pieces
 19458 | Orc      | Offered knowledge of Lee's Rapid Deconstruction by Vehumet.
 19590 | Orc      | Found a staircase to the Elven Halls.
 20140 | Swamp:1  | Entered Level 1 of the Swamp
 20519 | Swamp:1  | Reached skill level 15 in Fire Magic
 20721 | Swamp:1  | Found a snail-covered altar of Cheibriados.
 20735 | Swamp:1  | Reached XP level 15. HP: 88/88 MP: 29/36
 21271 | Swamp:2  | Noticed a thorn hunter
 21278 | Swamp:2  | Killed a thorn hunter
 21560 | Swamp:2  | Offered knowledge of Bolt of Cold by Vehumet.
 21716 | Swamp:2  | Found a glowing silver altar of Zin.
 21869 | Swamp:2  | Identified the +2 lajatang of Qattizxa {flame, +Inv rC++
                  | Str+3 Dex-5} (You acquired it on level 2 of the Swamp)
 21869 | Swamp:2  | Identified the scarf of Xehar {clouds, rElec rC+ SInv} (You
                  | acquired it on level 2 of the Swamp)
 21883 | Swamp:3  | Entered Level 3 of the Swamp
 21883 | Swamp:3  | Noticed a thorn hunter
 21887 | Swamp:3  | Killed a thorn hunter
 21944 | Swamp:3  | Noticed a thorn hunter
 21948 | Swamp:3  | Killed a thorn hunter
 21992 | Swamp:3  | Noticed Aizul
 21997 | Swamp:3  | Killed Aizul
 22289 | Swamp:3  | Learned a level 7 spell: Icicle Burst
 22524 | Swamp:3  | Reached XP level 16. HP: 93/93 MP: 29/37
 23002 | Swamp:3  | Got a decaying rune of Zot
 23260 | Shoals:1 | Entered Level 1 of the Shoals
 23353 | Shoals:1 | Found Emmia's Weapon Shop.
 23415 | Shoals:1 | Offered knowledge of Poison Arrow by Vehumet.
 24071 | Shoals:2 | Noticed Kirke
 24076 | Shoals:2 | Killed Kirke
 24262 | Shoals:2 | Noticed Ilsuiw
 24275 | Shoals:2 | Killed Ilsuiw
 24779 | Shoals:2 | Found the +8 Wrath of Trog {antimagic, *Rage}
 25171 | Shoals:3 | Entered Level 3 of the Shoals
 25546 | Shoals:3 | Reached ****** piety under Vehumet
 25547 | Shoals:3 | Reached skill level 15 in Dodging
 25656 | Shoals:3 | Identified the ring of the King {Wiz Str+3 Int+2}
 25658 | Shoals:3 | Noticed a storm dragon
 25658 | Shoals:3 | Noticed Frances
 25665 | Shoals:3 | Killed a storm dragon
 25696 | Shoals:3 | Reached XP level 17. HP: 56/100 MP: 23/38
 25794 | Shoals:3 | Killed Frances
 25794 | Shoals:3 | Offered knowledge of Conjure Ball Lightning by Vehumet.
 25835 | Shoals:3 | Reached skill level 10 in Fighting
 25891 | Shoals:3 | Identified the +2 long sword of Prescription {vamp, Stlth+}
 25901 | Shoals:3 | Got a barnacled rune of Zot
 25904 | Shoals:3 | Identified the Grimoire of Hexes
 26130 | Shoals:3 | Reached skill level 1 in Ice Magic
 26182 | Shoals:3 | Found a hazy altar of Hepliaklqana.
 26439 | Shoals:3 | Found a stormy altar of Qazlal.
 26811 | Elf:1    | Entered Level 1 of the Elven Halls
 26931 | Elf:1    | Found Falaklal's General Store.
 26942 | Elf:1    | Reached skill level 5 in Ice Magic
 27095 | Elf:1    | Bought a scroll of fog for 30 gold pieces
 27095 | Elf:1    | Bought a scroll of fog for 30 gold pieces
 27178 | Elf:1    | Found Dacie's Antique Weapon Boutique.
 27192 | Elf:1    | Found Koixahe's Book Boutique.
 27199 | Elf:1    | Bought the Compendium of the Helpful Frostbite for 598 gold
                  | pieces
 27208 | Elf:1    | Learned a level 6 spell: Deflect Missiles
 27307 | Elf:1    | Reached skill level 1 in Charms
 27307 | Elf:1    | Reached skill level 1 in Air Magic
 27372 | Elf:1    | Identified the Almanac of Enhancements
 27374 | Elf:1    | Identified the +7 halberd of Geguirr {flame, Stlth+}
 27418 | Elf:1    | Found Damo's Assorted Antiques.
 28300 | Elf:2    | Identified the cursed +2 trident of Discomfort {pierce,
                  | Dex+6 Stlth+}
 28428 | Elf:2    | Reached skill level 5 in Air Magic
 28456 | Elf:2    | Found a runed gate.
 28457 | Elf:2    | Found a runed gate.
 28457 | Elf:2    | Found a runed gate.
 28571 | Elf:2    | Reached skill level 1 in Polearms
 28571 | Elf:2    | Reached skill level 5 in Charms
 28687 | Elf:3    | Entered Level 3 of the Elven Halls
 28794 | Elf:3    | Reached XP level 18. HP: 110/110 MP: 33/39
 28943 | Elf:3    | Offered knowledge of Mana Rupture by Vehumet.
 29278 | Elf:3    | Reached skill level 5 in Polearms
 29451 | Elf:3    | Found Fel Miokid's Armour Shoppe.
 29482 | Elf:3    | Found Pinerchu's Antique Armour Emporium.
 29823 | Elf:3    | Noticed a deep elf blademaster
 29824 | Elf:3    | Noticed a deep elf blademaster
 29827 | Elf:3    | Killed a deep elf blademaster
 29827 | Elf:3    | Killed a deep elf blademaster
 29829 | Elf:3    | Noticed a deep elf master archer
 29832 | Elf:3    | Noticed a deep elf master archer
 29834 | Elf:3    | Killed a deep elf master archer
 29834 | Elf:3    | Killed a deep elf master archer
 29957 | Elf:3    | Identified the Papyrus of Assistive Displacement
 29972 | Elf:3    | Identified the cursed +1 chain mail "Poaraume" {+Blink}
 30018 | Elf:3    | Identified the +11 hand crossbow of Dissolution {penet,
                  | rElec MP+9 Dex+3}
 30019 | Elf:3    | Identified the cursed ring "Apilu" {Int+4 Stlth--}
 30024 | Elf:3    | Identified the Tome of Boosting Ice
 30034 | Elf:3    | Identified the +0 large shield of the King of the Hill
                  | {rPois rCorr Str+4}
 30079 | Elf:3    | Identified the cursed +1 chain mail of Makhleb's Scorn
                  | {Regen+ Str+3 Dex+2}
 30567 | Slime:1  | Entered Level 1 of the Pits of Slime
 30805 | Orc      | Bought an uncursed ring of resist corrosion for 300 gold
                  | pieces
 30805 | Orc      | Bought the amulet of the Countless Cities {RegenMP Int+5}
                  | for 510 gold pieces
 31231 | Slime:2  | Reached XP level 19. HP: 114/114 MP: 37/40
 31948 | Slime:4  | Offered knowledge of Lehudib's Crystal Spear by Vehumet.
 31948 | Slime:4  | Offered knowledge of Fire Storm by Vehumet.
 31948 | Slime:4  | Offered knowledge of Chain Lightning by Vehumet.
 32444 | Slime:5  | Entered Level 5 of the Pits of Slime
 32586 | Slime:5  | Noticed the Royal Jelly
 32590 | Slime:5  | Killed the Royal Jelly
 32823 | Slime:5  | Reached XP level 20. HP: 76/120 MP: 40/44
 32904 | Slime:5  | Reached skill level 1 in Shields
 32949 | Slime:5  | Identified the +8 glaive of Past Mistakes {speed, rN+
                  | Dex+3}
 32996 | Slime:5  | Identified the Papyrus of Icy Stones
 33003 | Slime:5  | Identified the cursed ring "Cuegirch" {Ice -Tele *Slow rN+
                  | Int+8}
 33016 | Slime:5  | Learned a level 9 spell: Fire Storm
 33021 | Slime:5  | Identified the +12 shortbow of the Median {venom, Dex+5
                  | Stlth+}
 33023 | Slime:5  | Got a slimy rune of Zot
 33024 | Slime:5  | Identified the +11 falchion of Poverty {venom, rPois rC-
                  | Dex+3}
 33051 | Slime:5  | Identified the cursed amulet "Xugu" {Inacc Str+4}
 33085 | Slime:5  | Identified the +12 spear of Power {antimagic, rElec}
 33094 | Slime:5  | Gained mutation: You possess an exceptional clarity of
                  | mind. [potion of mutation]
 33094 | Slime:5  | Gained mutation: Scrolls take you a little longer to read.
                  | [potion of mutation]
 33094 | Slime:5  | Gained mutation: You have large cloven feet. [potion of
                  | mutation]
 33095 | Slime:5  | Lost mutation: You possess an exceptional clarity of mind.
                  | [potion of mutation]
 33095 | Slime:5  | Lost mutation: You have large cloven feet. [potion of
                  | mutation]
 33095 | Slime:5  | Lost mutation: Scrolls take you a little longer to read.
                  | [potion of mutation]
 33095 | Slime:5  | Gained mutation: Armour fits poorly on your strangely
                  | shaped body. [potion of mutation]
 33095 | Slime:5  | Gained mutation: You are partially covered in rugged brown
                  | scales. (AC +1, +3% HP) [potion of mutation]
 33095 | Slime:5  | Gained mutation: You are weak. (Str -2) [potion of
                  | mutation]
 33095 | Slime:5  | Lost mutation: You are weak. (Str -2) [potion of mutation]
 33096 | Slime:5  | Lost mutation: Armour fits poorly on your strangely shaped
                  | body. [potion of mutation]
 33096 | Slime:5  | Gained mutation: You have sharp toenails. [potion of
                  | mutation]
 33096 | Slime:5  | Gained mutation: Armour fits poorly on your strangely
                  | shaped body. [potion of mutation]
 33096 | Slime:5  | Gained mutation: Your body sometimes deteriorates upon
                  | taking damage. [potion of mutation]
 33096 | Slime:5  | Gained mutation: Your movements are slightly less
                  | encumbered by armour. (ER -2) [potion of mutation]
 33097 | Slime:5  | Lost mutation: Your body sometimes deteriorates upon taking
                  | damage. [potion of mutation]
 33097 | Slime:5  | Lost mutation: Armour fits poorly on your strangely shaped
                  | body. [potion of mutation]
 33097 | Slime:5  | Lost mutation: You have sharp toenails. [potion of
                  | mutation]
 33097 | Slime:5  | Gained mutation: You tend to lose your temper in combat.
                  | [potion of mutation]
 33097 | Slime:5  | Gained mutation: Armour fits poorly on your strangely
                  | shaped body. [potion of mutation]
 33097 | Slime:5  | Gained mutation: You are resistant to hostile enchantments.
                  | (MR+) [potion of mutation]
 33844 | D:11     | Found a runed translucent door.
 33850 | D:11     | Found a gate to the Vaults.
 34485 | D:12     | Entered Level 12 of the Dungeon
 34561 | D:12     | Reached skill level 5 in Shields
 34603 | D:12     | Found a staircase to the Depths.
 34641 | D:12     | Found a runed translucent gate.
 34642 | D:12     | Found a runed translucent gate.
 34643 | D:12     | Found a runed translucent gate.
 34656 | D:12     | Noticed Darthill6464's ghost (journeyman EnAc)
 34707 | D:12     | Found a runed door.
 34728 | D:12     | Noticed Urug
 34730 | D:12     | Killed Urug
 35457 | D:12     | Identified the cursed +1 war axe of Ufiumugo {drain, rElec
                  | Str+2}
 35507 | Depths:1 | Entered Level 1 of the Depths
 35514 | Depths:1 | Noticed Bai Suzhen
 35602 | Vaults:1 | Entered Level 1 of the Vaults
 35756 | Vaults:1 | Noticed Donald
 35759 | Vaults:1 | Killed Donald
 35767 | Vaults:1 | Found Hatot's Antique Armour Shoppe.
 35774 | Vaults:1 | Bought a pair of transparent gloves for 275 gold pieces
 35774 | Vaults:1 | Identified the +2 pair of gloves "Icwuam" {rF+ Dex+7} (You
                  | bought it in a shop on level 1 of the Vaults)
 35774 | Vaults:1 | Bought a twisted helmet for 275 gold pieces
 35774 | Vaults:1 | Identified the +2 helmet "Yzecoll" {rElec Slay-5 Stlth+}
                  | (You bought it in a shop on level 1 of the Vaults)
 36346 | Vaults:1 | Found a staircase to the Crypt.
 36719 | Vaults:1 | Reached XP level 21. HP: 131/131 MP: 10/45
 38076 | Vaults:2 | Found Unias's Food Shoppe.
 38199 | Vaults:2 | Reached skill level 15 in Fighting
 38572 | Vaults:3 | Entered Level 3 of the Vaults
 38577 | Vaults:3 | Noticed a juggernaut
 38588 | Vaults:3 | Reached XP level 22. HP: 144/144 MP: 15/46
 38589 | Vaults:3 | Killed a juggernaut
 38675 | Vaults:2 | Learned a level 7 spell: Controlled Blink
 38705 | Vaults:3 | Noticed a juggernaut
 38911 | Vaults:3 | Identified a +0 pair of boots of running
 38916 | Vaults:3 | Got a silver rune of Zot
 38932 | Vaults:3 | Noticed a juggernaut
 38944 | Vaults:3 | Killed a juggernaut
 39155 | Vaults:3 | Identified the +10 scale mail of Lilacs {Int-2 Dex+4}
 39341 | Vaults:3 | Killed a juggernaut
 39448 | Vaults:3 | Noticed a juggernaut
 39455 | Vaults:3 | Killed a juggernaut
 39663 | Vaults:3 | Found Umnaiseb's Jewellery Shop.
 39791 | Vaults:3 | Reached XP level 23. HP: 148/148 MP: 36/49
 40108 | Vaults:3 | Found Latas's Antique Armour Shoppe.
 40115 | Vaults:3 | Bought a dull robe for 176 gold pieces
 40115 | Vaults:3 | Identified the +1 robe of Protective Custody {rF- rC+++
                  | Str+3 Dex-4} (You bought it in a shop on level 3 of the
                  | Vaults)
 40322 | Vaults:3 | Reached skill level 1 in Translocations
 40547 | Depths:1 | Killed Bai Suzhen
 40601 | Depths:1 | Reached skill level 5 in Translocations
 40772 | Depths:1 | Identified the cursed ring of Aplaliabb {rN+ Stlth--}
 40858 | Depths:1 | Found a gateway to Hell.
 41105 | Depths:1 | Noticed Nikola
 41108 | Depths:1 | Killed Nikola
 41399 | Depths:1 | Found Sifeowor's Gadget Boutique.
 41399 | Depths:1 | Found Ucsiagiu's Jewellery Shoppe.
 41400 | Depths:1 | Found Ywahun Wumn's Jewellery Shoppe.
 41584 | Depths:2 | Reached skill level 10 in Translocations
 42511 | Depths:3 | Noticed a juggernaut
 42514 | Depths:3 | Killed a juggernaut
 42515 | Depths:3 | Reached XP level 24. HP: 154/154 MP: 38/49
 42639 | Depths:3 | Reached skill level 10 in Ice Magic
 43038 | Depths:3 | Found a one-way gate leading to the halls of Pandemonium.
 43545 | Pan      | Entered Pandemonium
 43550 | Pan      | Noticed Ineuh the pandemonium lord
 43557 | Pan      | Killed Ineuh the pandemonium lord
 43838 | Pan      | Got a demonic rune of Zot
 43943 | Pan      | Identified the +8 large shield of Articulation {*Contam
                  | rN+++ SInv Stlth-}
 44009 | Pan      | Noticed Ignacio
 44013 | Pan      | Killed Ignacio
 44460 | Pan      | Reached XP level 25. HP: 153/159 MP: 40/50
 44482 | Pan      | Found a glowing silver altar of Zin.
 44508 | Pan      | Found a white marble altar of Elyvilon.
 44641 | Pan      | Noticed Cemyra the pandemonium lord
 44645 | Pan      | Killed Cemyra the pandemonium lord
 44781 | Pan      | Noticed Wataffia the pandemonium lord
 44790 | Pan      | Killed Wataffia the pandemonium lord
 44987 | Pan      | Entered the realm of Gloorx Vloq.
 45167 | Pan      | Identified the +2 robe "Ymuttenu" {Regen+ Int+6 Slay-3}
 45191 | Pan      | Reached skill level 15 in Ice Magic
 45265 | Pan      | Noticed Gloorx Vloq
 45272 | Pan      | Killed Gloorx Vloq
 45320 | Pan      | Got a dark rune of Zot
 45388 | Pan      | Reached skill level 3 in Stealth
 45418 | Pan      | Identified the +7 large shield "Guops" {rElec rF+ Str+4}
 45445 | Pan      | Reached skill level 4 in Stealth
 45473 | Pan      | Reached skill level 5 in Stealth
 45532 | Pan      | Entered the realm of Cerebov.
 45718 | Pan      | Reached skill level 6 in Stealth
 45892 | Pan      | Reached skill level 7 in Stealth
 46057 | Pan      | Identified the amulet of Pantheism {RegenMP rPois MP+9
                  | Int+2 Dex-4}
 46060 | Pan      | Reached skill level 8 in Stealth
 46075 | Pan      | Identified the ring "Zoumaczu" {rElec rN+++ Str+5 Int-5
                  | Dex+4}
 46152 | Pan      | Identified the +2 arbalest of Wrath {freeze, +Inv rElec
                  | Int-4}
 46156 | Pan      | Reached skill level 9 in Stealth
 46246 | Pan      | Reached XP level 26. HP: 164/164 MP: 50/50
 46369 | Pan      | Reached skill level 10 in Stealth
 46741 | Pan      | Identified the ring "Loec Pel" {rElec rN+}
 46744 | Pan      | Identified the ring "Roddiddu" {*Contam rF+++ MR+ Int+4
                  | SInv}
 46902 | Pan      | Reached skill level 11 in Stealth
 46933 | Pan      | Identified the +6 sword of Cerebov {flame}
 46933 | Pan      | Noticed Cerebov
 46984 | Pan      | Got a fiery rune of Zot
 47073 | Pan      | Entered the realm of Mnoleg.
 47073 | Pan      | Noticed Mnoleg
 47080 | Pan      | Killed Mnoleg
 47081 | Pan      | Reached skill level 12 in Stealth
 47111 | Pan      | Got a glowing rune of Zot
 47231 | Pan      | Entered the realm of Lom Lobon.
 47258 | Pan      | Reached skill level 13 in Stealth
 47631 | Pan      | Reached skill level 14 in Stealth
 47936 | Pan      | Noticed Lom Lobon
 47942 | Pan      | Killed Lom Lobon
 47943 | Pan      | Reached skill level 15 in Stealth
 47978 | Pan      | Got a magical rune of Zot
 48316 | Pan      | Found an exit through the horrors of the Abyss.
 48324 | Pan      | Took an exit into the Abyss.
 48324 | Abyss:1  | Escaped into the Abyss
 48366 | Abyss:1  | Identified the ring "Vateoxin" {+Fly SInv}
 49558 | Abyss:4  | Found a corrupted altar of Lugonu.
 49560 | Abyss:5  | Entered Level 5 of the Abyss
 49560 | Abyss:5  | Entered Level 5 of the Abyss
 49648 | Abyss:5  | Reached XP level 27. HP: 168/168 MP: 50/50
 49948 | Abyss:5  | Got an abyssal rune of Zot
 49955 | Depths:3 | Escaped the Abyss
 50115 | Hell     | Entered the Vestibule of Hell
 50115 | Hell     | Noticed Geryon
 50125 | Hell     | Killed Geryon
 50272 | Hell     | Noticed Murray
 50278 | Hell     | Killed Murray
 50484 | Hell     | Found a gateway to the ashen valley of Gehenna.
 50543 | Hell     | Found a gateway to the decaying netherworld of Tartarus.
 50579 | Hell     | Found a gateway to the freezing wastes of Cocytus.
 50681 | Hell     | Found a gateway to the Iron City of Dis.
 50838 | Dis:1    | Entered Level 1 of the Iron City of Dis
 50844 | Dis:2    | Entered Level 2 of the Iron City of Dis
 51587 | Dis:2    | Learned a level 3 spell: Regeneration
 51712 | Dis:2    | Reached skill level 1 in Necromancy
 52033 | Dis:2    | Reached skill level 5 in Necromancy
 52160 | Dis:2    | Gained mutation: You often lose your temper in combat.
                  | [mutagenic glow]
 52282 | Dis:2    | Identified the cursed +1 shortbow of Eye-covered Honour
                  | {flame, Str+4 Int+2 Dex+4 Stlth+}
 52293 | Dis:2    | Gained mutation: Your spells are a little easier to cast,
                  | but a little less powerful. [mutagenic glow]
 52359 | Dis:2    | Identified the +5 war axe "Aqeih" {speed, rC+}
 52359 | Dis:2    | Identified the cursed ring "Duuhea Qiega" {rC+ Stlth--}
 52876 | Dis:2    | Gained mutation: You have an uncontrollable temper. [a
                  | cacodemon]
 52878 | Dis:2    | Gained mutation: You occasionally shout uncontrollably at
                  | your foes. [a cacodemon]
 52984 | Dis:2    | Learned a level 6 spell: Aura of Abjuration
 52992 | Dis:2    | Reached skill level 1 in Summonings
 53326 | Dis:2    | Reached skill level 5 in Summonings
 53476 | Dis:2    | Identified the +4 staff of Dispater
 53476 | Dis:2    | Noticed Dispater
 53500 | Dis:2    | Killed Dispater
 54079 | Dis:2    | Got an iron rune of Zot
 54240 | Tar:1    | Entered Level 1 of Tartarus
 54356 | Tar:2    | Entered Level 2 of Tartarus
 54785 | Tar:2    | Lost mutation: You occasionally shout uncontrollably at
                  | your foes. [potion of mutation]
 54785 | Tar:2    | Lost mutation: You are resistant to hostile enchantments.
                  | (MR+) [potion of mutation]
 54785 | Tar:2    | Lost mutation: Armour fits poorly on your strangely shaped
                  | body. [potion of mutation]
 54785 | Tar:2    | Gained mutation: You expend magic power (3 MP) to
                  | strengthen your wands. [potion of mutation]
 54785 | Tar:2    | Gained mutation: You evolve. [potion of mutation]
 54786 | Tar:2    | Lost mutation: Your spells are a little easier to cast, but
                  | a little less powerful. [potion of mutation]
 54786 | Tar:2    | Lost mutation: You evolve. [potion of mutation]
 54786 | Tar:2    | Gained mutation: You are frail. (-10% HP) [potion of
                  | mutation]
 54786 | Tar:2    | Lost mutation: You have an uncontrollable temper. [potion
                  | of mutation]
 54786 | Tar:2    | Lost mutation: You often lose your temper in combat.
                  | [potion of mutation]
 54787 | Tar:2    | Lost mutation: You expend magic power (3 MP) to strengthen
                  | your wands. [potion of mutation]
 54787 | Tar:2    | Lost mutation: You are frail. (-10% HP) [potion of
                  | mutation]
 54787 | Tar:2    | Lost mutation: You tend to lose your temper in combat.
                  | [potion of mutation]
 54787 | Tar:2    | Lost mutation: Your movements are slightly less encumbered
                  | by armour. (ER -2) [potion of mutation]
 54787 | Tar:2    | Gained mutation: Armour fits poorly on your strangely
                  | shaped body. [potion of mutation]
 54787 | Tar:2    | Gained mutation: You have a pair of small horns on your
                  | head. [potion of mutation]
 54787 | Tar:2    | Gained mutation: Your muscles are strong. (Str +2) [potion
                  | of mutation]
 54964 | Tar:2    | Found the +5 pair of quick blades "Gyre" and "Gimble"
                  | {pierce}
 54976 | Tar:2    | Identified the amulet "Ogisefut" {Inacc MR+}
 55001 | Tar:2    | Identified the +11 crystal plate armour of Mutualism
                  | {rElec}
 55016 | Tar:2    | Identified the +6 mace of Unreason {pain, *Drain rN+ MP+9}
 55028 | Tar:2    | Identified the ring of the Lobster {rElec Str-5 Dex+3
                  | Stlth--}
 55118 | Tar:2    | Reached skill level 1 in Short Blades
 55547 | Tar:2    | Reached skill level 5 in Short Blades
 55655 | Tar:2    | Learned a level 2 spell: Passwall
 55737 | Tar:2    | Found the +15 Maxwell's patent armour {-Cast -Tele rElec
                  | MR+ rCorr}
 55750 | Tar:2    | Identified the +3 hand axe "Elitreog" {chop, +Blink rElec
                  | rF-}
 55763 | Tar:2    | Identified the cursed +1 hand axe of Equilibrium {chop, rF+
                  | rN+}
 55778 | Tar:2    | Reached skill level 1 in Transmutations
 56051 | Tar:2    | Reached skill level 1 in Earth Magic
 56259 | Tar:2    | Noticed Ereshkigal
 56276 | Tar:2    | Killed Ereshkigal
 56436 | Tar:2    | Gained mutation: Scrolls take you a little longer to read.
                  | [mutagenic glow]
 56475 | Tar:2    | Gained mutation: You are clumsy. (Dex -2) [mutagenic glow]
 56556 | Tar:2    | Got a bone rune of Zot
 56825 | Coc:1    | Entered Level 1 of Cocytus
 57006 | Coc:1    | Learned a level 9 spell: Shatter
 57089 | Coc:1    | Reached skill level 5 in Earth Magic
 57352 | Coc:2    | Entered Level 2 of Cocytus
 57558 | Coc:2    | Reached skill level 10 in Earth Magic
 57822 | Coc:2    | Identified the +9 quick blade of the Dragonfly {freeze,
                  | rN+}
 57831 | Coc:2    | Identified a +2 pair of boots of running
 57945 | Coc:2    | Noticed Antaeus
 57952 | Coc:2    | Killed Antaeus
 58022 | Coc:2    | Got an icy rune of Zot
 58174 | Geh:1    | Entered Level 1 of Gehenna
 58177 | Geh:2    | Entered Level 2 of Gehenna
 58210 | Geh:2    | Lost mutation: You have a pair of small horns on your head.
                  | [potion of mutation]
 58210 | Geh:2    | Lost mutation: Your muscles are strong. (Str +2) [potion of
                  | mutation]
 58210 | Geh:2    | Lost mutation: You are clumsy. (Dex -2) [potion of
                  | mutation]
 58210 | Geh:2    | Gained mutation: You are clumsy. (Dex -2) [potion of
                  | mutation]
 58210 | Geh:2    | Gained mutation: Your spells are a little easier to cast,
                  | but a little less powerful. [potion of mutation]
 58210 | Geh:2    | Gained mutation: You have large cloven feet. [potion of
                  | mutation]
 58211 | Geh:2    | Lost mutation: Scrolls take you a little longer to read.
                  | [potion of mutation]
 58211 | Geh:2    | Lost mutation: You are clumsy. (Dex -2) [potion of
                  | mutation]
 58211 | Geh:2    | Gained mutation: Your body sometimes deteriorates upon
                  | taking damage. [potion of mutation]
 58211 | Geh:2    | Gained mutation: You have a pair of small horns on your
                  | head. [potion of mutation]
 58212 | Geh:2    | Lost mutation: Armour fits poorly on your strangely shaped
                  | body. [potion of mutation]
 58212 | Geh:2    | Lost mutation: You have a pair of small horns on your head.
                  | [potion of mutation]
 58212 | Geh:2    | Lost mutation: Your body sometimes deteriorates upon taking
                  | damage. [potion of mutation]
 58212 | Geh:2    | Lost mutation: Your spells are a little easier to cast, but
                  | a little less powerful. [potion of mutation]
 58212 | Geh:2    | Gained mutation: You are dopey. (Int -2) [potion of
                  | mutation]
 58212 | Geh:2    | Gained mutation: You are robust. (+10% HP) [potion of
                  | mutation]
 58601 | Geh:2    | Identified the +11 scale mail "Doinecs" {Int+4}
 58616 | Geh:2    | Identified the +7 sceptre of Asmodeus
 58616 | Geh:2    | Identified the ring of the Quahog {rElec MR++ Str-2 Int+4
                  | SInv}
 58616 | Geh:2    | Noticed Asmodeus
 59262 | Geh:2    | Reached skill level 15 in Earth Magic
 59299 | Geh:2    | Killed Asmodeus
 59340 | Geh:2    | Got an obsidian rune of Zot
 59693 | Crypt:1  | Entered Level 1 of the Crypt
 60633 | Crypt:2  | Entered Level 2 of the Crypt
 61029 | Crypt:2  | Noticed Margery
 61033 | Crypt:2  | Killed Margery
 61164 | Crypt:2  | Found a runed translucent gate.
 61164 | Crypt:2  | Identified the +7 dire flail of Disarray {drain, rF- rC+
                  | Str+3}
 61165 | Crypt:2  | Found a runed translucent gate.
 61166 | Crypt:2  | Found a runed translucent gate.
 61167 | Crypt:2  | Noticed Heot Zafel's ghost (veteran MiGl)
 61171 | Crypt:2  | Found an iron altar of Okawaru.
 61306 | Crypt:2  | Found a staircase to the Tomb.
 61574 | Crypt:2  | Found a basalt altar of Yredelemnul.
 61585 | Crypt:2  | Found an ancient bone altar of Kikubaaqudgha.
 61662 | Crypt:2  | Learned a level 8 spell: Lehudib's Crystal Spear
 61809 | Crypt:2  | Killed Heot Zafel's ghost
 63804 | Tomb:1   | Entered Level 1 of the Tomb of the Ancients
 64000 | Tomb:1   | Noticed a greater mummy
 64003 | Tomb:1   | Killed a greater mummy
 64180 | Tomb:1   | Noticed a greater mummy
 64191 | Tomb:1   | Killed a greater mummy
 64225 | Tomb:1   | Noticed a greater mummy
 64244 | Tomb:1   | Killed a greater mummy
 64245 | Tomb:1   | Reached skill level 16 in Stealth
 64694 | Tomb:1   | Noticed a greater mummy
 64694 | Tomb:1   | Noticed a greater mummy
 64697 | Tomb:1   | Killed a greater mummy
 64698 | Tomb:1   | Killed a greater mummy
 64702 | Tomb:1   | Noticed a greater mummy
 64712 | Tomb:1   | Killed a greater mummy
 64713 | Tomb:1   | Reached skill level 17 in Stealth
 64718 | Tomb:1   | Noticed a greater mummy
 64729 | Tomb:1   | Killed a greater mummy
 64924 | Tomb:1   | Noticed a greater mummy
 64929 | Tomb:1   | Killed a greater mummy
 64946 | Tomb:1   | Noticed a greater mummy
 64950 | Tomb:1   | Noticed a greater mummy
 64951 | Tomb:1   | Killed a greater mummy
 64955 | Tomb:1   | Killed a greater mummy
 64956 | Tomb:1   | Reached skill level 18 in Stealth
 64998 | Tomb:1   | Noticed a greater mummy
 65003 | Tomb:1   | Killed a greater mummy
 65004 | Tomb:1   | Noticed a greater mummy
 65010 | Tomb:1   | Killed a greater mummy
 65151 | Tomb:1   | Noticed a greater mummy
 65155 | Tomb:1   | Killed a greater mummy
 65170 | Tomb:1   | Noticed a greater mummy
 65174 | Tomb:1   | Killed a greater mummy
 65200 | Tomb:1   | Noticed a greater mummy
 65204 | Tomb:1   | Killed a greater mummy
 65205 | Tomb:1   | Reached skill level 19 in Stealth
 65344 | Tomb:1   | Noticed a greater mummy
 65348 | Tomb:1   | Killed a greater mummy
 65364 | Tomb:1   | Noticed a greater mummy
 65369 | Tomb:1   | Killed a greater mummy
 65384 | Tomb:1   | Noticed a greater mummy
 65389 | Tomb:1   | Killed a greater mummy
 65389 | Tomb:1   | Noticed a greater mummy
 65395 | Tomb:1   | Killed a greater mummy
 65444 | Tomb:1   | Noticed a greater mummy
 65447 | Tomb:1   | Killed a greater mummy
 65536 | Tomb:2   | Reached skill level 20 in Stealth
 65682 | Tomb:3   | Entered Level 3 of the Tomb of the Ancients
 65690 | Tomb:3   | Noticed a greater mummy
 65692 | Tomb:3   | Noticed a greater mummy
 65697 | Tomb:3   | HP: 5/192 [death scarab[a greater mummy] (12)]
 65701 | Tomb:3   | Killed a greater mummy
 65703 | Tomb:3   | Killed a greater mummy
 65705 | Tomb:3   | HP: 5/198 [guardian mummy's death curse (11)]
 65712 | Tomb:3   | Noticed a greater mummy
 65716 | Tomb:3   | Killed a greater mummy
 65717 | Tomb:3   | Reached skill level 21 in Stealth
 65720 | Tomb:3   | Noticed a greater mummy
 65724 | Tomb:3   | Killed a greater mummy
 65912 | Tomb:3   | Identified the cursed +0 robe of Dyspraxia {rElec rN+ MR+
                  | Stlth+}
 65947 | Tomb:3   | Identified the ring "Cougeeja" {rN+ Int+4}
 65995 | Tomb:3   | Noticed a greater mummy
 65999 | Tomb:3   | Killed a greater mummy
 66002 | Tomb:3   | Noticed a greater mummy
 66005 | Tomb:3   | Killed a greater mummy
 66006 | Tomb:3   | Reached skill level 22 in Stealth
 66152 | Tomb:3   | Noticed a greater mummy
 66155 | Tomb:3   | Noticed a greater mummy
 66158 | Tomb:3   | Killed a greater mummy
 66160 | Tomb:3   | Killed a greater mummy
 66163 | Tomb:3   | Noticed a greater mummy
 66168 | Tomb:3   | Killed a greater mummy
 66334 | Tomb:3   | Got a golden rune of Zot
 66411 | Tomb:3   | Identified the Incunabulum of the Birds and Poison
 67135 | Depths:4 | Reached skill level 23 in Stealth
 67313 | Depths:4 | Noticed Mennas
 67325 | Depths:4 | Killed Mennas
 67467 | Depths:4 | Noticed Jory
 67472 | Depths:4 | Killed Jory
 67653 | Depths:4 | Found a gateway to a bazaar.
 67698 | Depths:4 | Reached skill level 24 in Stealth
 68495 | Depths:5 | Entered Level 5 of the Depths
 68653 | Depths:5 | Noticed a Killer Klown
 68658 | Depths:5 | Killed a Killer Klown
 68663 | Depths:5 | Reached skill level 25 in Stealth
 68703 | Depths:5 | Found a gateway to a ziggurat.
 68760 | Depths:5 | Found Rasai's Serpentskin Sales.
 68886 | Zig:1    | Entered Level 1 of a ziggurat
 68899 | Zig:1    | Identified the +1 helmet "Akhlal" {+Inv rF+ MR- Slay+2}
 68902 | Zig:2    | Entered Level 2 of a ziggurat
 68942 | Zig:3    | Entered Level 3 of a ziggurat
 68995 | Zig:4    | Entered Level 4 of a ziggurat
 68995 | Zig:4    | Noticed Qyehod the pandemonium lord
 69003 | Zig:4    | Killed Qyehod the pandemonium lord
 69161 | Zig:5    | Entered Level 5 of a ziggurat
 69206 | Zig:6    | Entered Level 6 of a ziggurat
 69241 | Zig:7    | Entered Level 7 of a ziggurat
 69244 | Zig:7    | Noticed Erghail the pandemonium lord
 69250 | Zig:7    | Killed Erghail the pandemonium lord
 69251 | Zig:7    | Reached skill level 26 in Stealth
 69284 | Zig:7    | Identified the cursed +0 hat "Lewo" {rElec rPois rF-
                  | Regen+}
 69297 | Zig:8    | Entered Level 8 of a ziggurat
 69301 | Zig:8    | Noticed a Killer Klown
 69301 | Zig:8    | Noticed a Killer Klown
 69304 | Zig:8    | Killed a Killer Klown
 69304 | Zig:8    | Killed a Killer Klown
 69304 | Zig:8    | Noticed a Killer Klown
 69307 | Zig:8    | Killed a Killer Klown
 69334 | Zig:8    | Identified the +11 plate armour "Jyfig" {rC+}
 69338 | Zig:9    | Entered Level 9 of a ziggurat
 69372 | Zig:9    | Identified the +2 ring mail of the Realm of Zot {*Drain
                  | rC++ MR++}
 69383 | Zig:9    | Identified the +5 falchion "Juby" {flame, Dex+6}
 69390 | Zig:9    | Identified Rik Joynwy's Catalogue of Unholy Rituals
 69402 | Zig:10   | Entered Level 10 of a ziggurat
 69460 | Zig:10   | Identified the Papyrus of Aerial Changing
 69466 | Zig:10   | Identified the +12 gold dragon scales of the Crypt {rPois
                  | rF+ rC+ Dex+2}
 69469 | Zig:11   | Entered Level 11 of a ziggurat
 69478 | Zig:11   | Reached skill level 27 in Stealth
 69492 | Zig:11   | Identified the Compendium of the Traveller and Clay
 69506 | Zig:11   | Identified the cursed +3 quarterstaff "Z" {pain, *Corrode
                  | rN+ Int+5}
 69515 | Zig:12   | Entered Level 12 of a ziggurat
 69522 | Zig:12   | Noticed a juggernaut
 69523 | Zig:12   | Noticed a juggernaut
 69525 | Zig:12   | Noticed a juggernaut
 69528 | Zig:12   | Reached skill level 5 in Armour
 69529 | Zig:12   | Killed a juggernaut
 69532 | Zig:12   | Killed a juggernaut
 69533 | Zig:12   | Killed a juggernaut
 69622 | Zig:12   | Identified the cursed +3 morningstar "Pudwibak" {freeze,
                  | rF++ Str+2 Int+3 Dex-5}
 69639 | Zig:13   | Entered Level 13 of a ziggurat
 69650 | Zig:13   | Noticed a golden dragon
 69654 | Zig:13   | Reached skill level 10 in Shields
 69655 | Zig:13   | Killed a golden dragon
 69676 | Zig:13   | Identified a +1 pair of boots of running
 69685 | Zig:14   | Entered Level 14 of a ziggurat
 69703 | Zig:14   | Found the +6 demon blade "Bloodbane" {slice, *Tele *Drain
                  | +Rage Str+6}
 69790 | Zig:14   | Identified the +7 battleaxe of Courage {flame, Stlth+}
 69796 | Zig:14   | Identified the +1 leather armour of Ethereal Miracles
                  | {Regen+}
 69879 | Zig:15   | Entered Level 15 of a ziggurat
 70068 | Zig:15   | Identified Sif Muna's Compendium of Battle Magic and the
                  | Frostbite
 70072 | Zig:15   | Identified the cursed ring of Kotedghoe {rC+ Str+3 Stlth--}
 70077 | Zig:15   | Identified the +7 plate armour of Complete Protection {MP+9
                  | Str+3}
 70080 | Zig:15   | Identified the Catalogue of Ice and the Voyage
 70097 | Zig:16   | Entered Level 16 of a ziggurat
 70111 | Zig:16   | Noticed a golden dragon
 70112 | Zig:16   | Noticed a golden dragon
 70113 | Zig:16   | Noticed a golden dragon
 70118 | Zig:16   | Killed a golden dragon
 70121 | Zig:16   | Killed a golden dragon
 70122 | Zig:16   | Killed a golden dragon
 70124 | Zig:16   | Found the +8 trident of the Octopus King {venom, rElec
                  | rPois MR+}
 70206 | Zig:16   | Identified the +7 scimitar "Ogrebane" {venom, rN+ MR+
                  | Int-2}
 70212 | Zig:16   | Identified the ring "Foidag" {MR+ Stlth--}
 70223 | Zig:16   | Identified Sif Muna's Grimoire of Ice
 70229 | Zig:16   | Identified the ring "Meunwyo" {rPois rC++ Str+6 Slay-5
                  | SInv}
 70242 | Zig:17   | Entered Level 17 of a ziggurat
 70410 | Zig:17   | Identified the +7 glaive of Xoegau {elec, +Fly rPois rN+
                  | MR+++}
 70415 | Zig:17   | Identified the +6 shortbow of Battle {venom, Dex+6}
 70420 | Zig:17   | Identified the Volume of Captivating Attacks
 70424 | Zig:17   | Identified the ring "Xiqasadgh" {rPois Stlth--}
 70426 | Zig:17   | Identified the +3 hand axe of Kofas {holy, rN+}
 70434 | Zig:17   | Identified the +2 ring mail of Intercession {rElec Regen+}
 70449 | Zig:18   | Entered Level 18 of a ziggurat
 70458 | Zig:18   | Noticed a greater mummy
 70460 | Zig:18   | Noticed a greater mummy
 70463 | Zig:18   | Noticed a greater mummy
 70463 | Zig:18   | Noticed a greater mummy
 70464 | Zig:18   | Noticed a greater mummy
 70464 | Zig:18   | Noticed a greater mummy
 70471 | Zig:18   | Killed a greater mummy
 70471 | Zig:18   | Killed a greater mummy
 70472 | Zig:18   | Killed a greater mummy
 70474 | Zig:18   | Killed a greater mummy
 70509 | Zig:18   | Killed a greater mummy
 70523 | Zig:18   | Noticed a greater mummy
 70528 | Zig:18   | Noticed a greater mummy
 70528 | Zig:18   | Noticed a greater mummy
 70530 | Zig:18   | Killed a greater mummy
 70531 | Zig:18   | Killed a greater mummy
 70531 | Zig:18   | Killed a greater mummy
 70535 | Zig:18   | Killed a greater mummy
 70536 | Zig:18   | Reached skill level 10 in Staves
 70663 | Zig:18   | Identified the +8 scale mail of Ruhai {Stlth+}
 70670 | Zig:18   | Identified the +1 chain mail of Beyond {Int+4 SInv}
 70673 | Zig:19   | Entered Level 19 of a ziggurat
 70704 | Zig:19   | Identified the cursed +0 great mace of Resourcefulness
                  | {crush, *Rage +Blink rC++ Stlth+}
 70712 | Zig:19   | Identified the cursed ring of Cueguj {MR+ Dex+3}
 70716 | Zig:19   | Identified the +6 long sword "Hes Rotz" {protect, rElec
                  | Str+4}
 70719 | Zig:19   | Identified the ring "Kekhling" {*Corrode +Blink rElec Dex-5
                  | Stlth++}
 70725 | Zig:19   | Identified the +5 morningstar of the Ghost {flame, rF+
                  | rN++}
 70728 | Zig:19   | Identified the +4 plate armour of Twilight {MR- Regen+
                  | rCorr}
 70740 | Zig:20   | Entered Level 20 of a ziggurat
 70754 | Zig:20   | Noticed a golden dragon
 70756 | Zig:20   | Noticed a golden dragon
 70758 | Zig:20   | Noticed a golden dragon
 70759 | Zig:20   | Noticed a golden dragon
 70761 | Zig:20   | Killed a golden dragon
 70761 | Zig:20   | Killed a golden dragon
 70762 | Zig:20   | Killed a golden dragon
 70763 | Zig:20   | Noticed a golden dragon
 70764 | Zig:20   | Killed a golden dragon
 70766 | Zig:20   | Killed a golden dragon
 70785 | Zig:20   | Found the +2 ratskin cloak {+Rats rN+}
 70826 | Zig:20   | Identified the cursed amulet "Qanyshy" {Faith Stlth+}
 70831 | Zig:20   | Lost mutation: You are partially covered in rugged brown
                  | scales. (AC +1, +3% HP) [potion of mutation]
 70831 | Zig:20   | Lost mutation: You are robust. (+10% HP) [potion of
                  | mutation]
 70831 | Zig:20   | Lost mutation: You are dopey. (Int -2) [potion of mutation]
 70831 | Zig:20   | Lost mutation: You have large cloven feet. [potion of
                  | mutation]
 70831 | Zig:20   | Gained mutation: Scrolls take you a little longer to read.
                  | [potion of mutation]
 70831 | Zig:20   | Gained mutation: Your flesh is heat resistant. (rF+)
                  | [potion of mutation]
 70832 | Zig:20   | Lost mutation: Scrolls take you a little longer to read.
                  | [potion of mutation]
 70832 | Zig:20   | Lost mutation: Your flesh is heat resistant. (rF+) [potion
                  | of mutation]
 70832 | Zig:20   | Gained mutation: Scrolls take you a little longer to read.
                  | [potion of mutation]
 70832 | Zig:20   | Gained mutation: Your flesh is heat resistant. (rF+)
                  | [potion of mutation]
 70833 | Zig:20   | Lost mutation: Scrolls take you a little longer to read.
                  | [potion of mutation]
 70833 | Zig:20   | Gained mutation: Your muscles are strong. (Str +2) [potion
                  | of mutation]
 70833 | Zig:20   | Gained mutation: Your movements are slightly less
                  | encumbered by armour. (ER -2) [potion of mutation]
 70833 | Zig:20   | Lost mutation: Your muscles are strong. (Str +2) [potion of
                  | mutation]
 70833 | Zig:20   | Gained mutation: You expend magic power (3 MP) to
                  | strengthen your wands. [potion of mutation]
 70843 | Zig:21   | Entered Level 21 of a ziggurat
 70976 | Zig:21   | Found the +0 pair of fencer's gloves {Riposte Dex+6}
 70997 | Zig:21   | Identified the +4 arbalest of Reasonable Duty {penet, rN+
                  | Str+2}
 71007 | Zig:21   | Identified Sif Muna's Volume of the Shifting Blaze
 71009 | Zig:21   | Identified the Grimoire of Weightlessness
 71014 | Zig:21   | Identified the +10 short sword of Fedhas's Displeasure
                  | {pierce, +Rage rC+}
 71073 | Zig:22   | Entered Level 22 of a ziggurat
 71142 | Zig:22   | Identified the Papyrus of the Helpful Frostbite
 71144 | Zig:22   | Identified Cerebov's Almanac of Attacks
 71317 | Zig:23   | Entered Level 23 of a ziggurat
 71330 | Zig:23   | Noticed a greater mummy
 71333 | Zig:23   | Noticed a greater mummy
 71334 | Zig:23   | Noticed a greater mummy
 71337 | Zig:23   | Noticed a greater mummy
 71337 | Zig:23   | Noticed a greater mummy
 71342 | Zig:23   | Noticed a greater mummy
 71342 | Zig:23   | Noticed a greater mummy
 71342 | Zig:23   | Noticed a greater mummy
 71342 | Zig:23   | Noticed a greater mummy
 71343 | Zig:23   | Noticed a greater mummy
 71344 | Zig:23   | Noticed a greater mummy
 71344 | Zig:23   | Noticed a greater mummy
 71345 | Zig:23   | HP: 9/189 [??? (6)]
 71346 | Zig:23   | Found the +7 captain's cutlass {speed, disarm}
 71346 | Zig:23   | Found the +2 shield of Resistance {rF+ rC+ MR+}
 71348 | Zig:24   | Entered Level 24 of a ziggurat
 71415 | Zig:24   | Noticed a greater mummy
 71422 | Zig:24   | Killed a greater mummy
 71426 | Zig:24   | Noticed a greater mummy
 71427 | Zig:24   | Noticed a greater mummy
 71430 | Zig:24   | Killed a greater mummy
 71430 | Zig:24   | HP: 3/190 [greater mummy/divine providence (11)]
 71432 | Zig:24   | Killed a greater mummy
 71433 | Zig:24   | Noticed a greater mummy
 71434 | Zig:24   | Noticed a greater mummy
 71436 | Zig:24   | Noticed a greater mummy
 71437 | Zig:24   | Killed a greater mummy
 71438 | Zig:24   | Killed a greater mummy
 71440 | Zig:24   | Noticed a greater mummy
 71442 | Zig:24   | Killed a greater mummy
 71442 | Zig:24   | Killed a greater mummy
 71443 | Zig:24   | Noticed a greater mummy
 71453 | Zig:24   | Killed a greater mummy
 71455 | Zig:24   | Noticed a greater mummy
 71461 | Zig:24   | Noticed a greater mummy
 71462 | Zig:24   | HP: 2/192 [greater mummy/divine providence (12)]
 71462 | Zig:24   | Killed from afar by a greater mummy

Skill      XL: |  1  2  3  4  5  6  7  8  9 10 11 12 13 14 15 16 17 18 19 20 21 22 23 24 25 26 27 |
---------------+----------------------------------------------------------------------------------+-----
Conjurations   | 6 7 8 9 10 11 14 15 17 18 20 21 23 | 23.0
Spellcasting   | 3 4 5 6 7 9 10 13 15 18 20 21 24 | 24.0
Fighting       | 4 6 8 9 11 12 15 24 | 24.7
Dodging        | 8 10 11 15 17 20 | 20.0
Fire Magic     | 3 10 13 15 18 19 20 22 | 22.3
Staves         | 5 14 | 14.8
Ice Magic      | 7 8 12 16 20 | 20.5
Charms         | 5 8 |  8.0
Air Magic      | 5 8 |  8.0
Polearms       | 2 9 |  9.9
Shields        | 6 10 | 10.0
Translocations | 13 | 13.0
Stealth        | 9 15 27 | 27.0
Necromancy     | 6 |  6.0
Summonings     | 8 |  8.0
Short Blades   | 8 |  8.0
Transmutations | 2 |  2.2
Earth Magic    | 19 | 19.0
Armour         | 5 |  5.0

Action                   |  1- 3 |  4- 6 |  7- 9 | 10-12 | 13-15 | 16-18 | 19-21 | 22-24 | 25-27 || total
-------------------------+-------+-------+-------+-------+-------+-------+-------+-------+-------++-------
Melee: Unarmed           |       |       |       |     3 |       |       |       |       |       ||     3
       Staff             |       |       |       |       |     3 |     7 |       |    21 |   179 ||   210
       Quick blade       |       |       |       |       |       |       |       |       |   144 ||   144
       Pair of quick bla |       |       |       |       |       |       |       |       |    25 ||    25
       Headbutt          |       |       |       |       |       |       |       |       |    10 ||    10
       Lajatang          |       |       |       |       |       |       |       |       |     4 ||     4
 Cast: Magic Dart        |    80 |    52 |    21 |       |       |       |       |       |       ||   153
       Iskenderun's Myst |     2 |    12 |   121 |   208 |   215 |    58 |    65 |       |       ||   681
       Searing Ray       |       |     8 |     3 |     2 |       |       |       |       |       ||    13
       Sticky Flame      |       |       |     1 |    16 |     2 |       |     1 |       |       ||    20
       Fireball          |       |       |       |    49 |    79 |    57 |    78 |    48 |   111 ||   422
       Bolt of Fire      |       |       |       |     1 |   251 |   287 |   241 |   254 |   642 ||  1676
       Orb of Destructio |       |       |       |       |     6 |     2 |     4 |     2 |       ||    14
       Ignition          |       |       |       |       |     6 |    32 |    50 |    11 |   194 ||   293
       Deflect Missiles  |       |       |       |       |       |     1 |       |       |       ||     1
       Icicle Burst      |       |       |       |       |       |       |    11 |   118 |  1119 ||  1248
       Fire Storm        |       |       |       |       |       |       |     5 |    19 |   261 ||   285
       Controlled Blink  |       |       |       |       |       |       |       |       |    20 ||    20
       Regeneration      |       |       |       |       |       |       |       |       |   127 ||   127
       Aura of Abjuratio |       |       |       |       |       |       |       |       |    17 ||    17
       Shatter           |       |       |       |       |       |       |       |       |     5 ||     5
       Lehudib's Crystal |       |       |       |       |       |       |       |       |     3 ||     3
       Passwall          |       |       |       |       |       |       |       |       |     2 ||     2
 Abil: Evoke Fog         |       |       |       |       |       |       |       |       |     1 ||     1
Evoke: Wand              |       |       |       |     4 |     1 |     2 |       |     4 |    10 ||    21
  Use: Scroll            |       |       |     5 |    11 |     9 |     5 |       |     5 |    35 ||    70
       Potion            |       |       |       |     1 |       |     1 |     7 |       |    46 ||    55
 Stab: Distracted        |       |       |       |       |       |       |       |       |     3 ||     3
       Sleeping          |       |       |       |       |       |       |       |       |     9 ||     9
  Eat: Chunk             |     4 |     7 |    11 |    27 |    37 |    32 |    18 |    10 |    14 ||   160
       Ration            |       |       |     1 |       |     9 |     6 |       |     5 |    30 ||    51
Armor: Robe              |       |     8 |     6 |    16 |    19 |    14 |    14 |     7 |   100 ||   184
Dodge: Dodged            |    14 |    11 |    18 |    72 |    75 |    81 |    62 |    73 |   696 ||  1102
       Deflected         |       |       |       |       |       |     5 |    32 |    25 |    74 ||   136
Block: Other             |       |       |     2 |    15 |    22 |    19 |       |       |       ||    58
       Reflection        |       |       |       |       |     6 |     7 |       |       |       ||    13
       Buckler           |       |       |       |       |       |     1 |    32 |    51 |   268 ||   352
